 Dungeon Crawl Stone Soup version 0.30.1-4-g462c640d31 (webtiles) character file.

Game seed: 2120073625242808407

3019 monsoonserge the Trooper (level 9, -7/69 HPs)
             Began as a Demonspawn Monk on Sept 19, 2023.
             Was a Follower of Uskayaw.
             Killed from afar by an electric eel (11 damage)
             ... with a bolt of electricity
             ... in a bailey.
             The game lasted 00:17:09 (6148 turns).

monsoonserge the Trooper (Demonspawn Monk)          Turns: 6148, Time: 00:17:09

Health: -7/69      AC: 12    Str: 11    XL:     9   Next: 55%
Magic:  11/11      EV: 12    Int: 11    God:    Uskayaw [*.....]
Gold:   427        SH:  0    Dex: 27    Spells: 8/8 levels left

rFire   . . .        D - +5 dagger of Disaster {drain, rN+}
rCold   . . .        (no shield)
rNeg    + . .        s - +0 scale mail
rPois   +            (no helmet)
rElec   .            A - +0 cloak
rCorr   +            (no gloves)
SInv    .            (no boots)
Will    .....        K - amulet of magic regeneration
Stlth   +            j - ring of poison resistance
HPRegen 0.31/turn    k - +6 ring of dexterity
MPRegen 0.52/turn

%: no passive effects
@: studying Fighting
A: yellow scales 3, powered by pain 1, demonic touch 2
a: Renounce Religion, Stomp


You were in a bailey.
You worshipped Uskayaw.
Uskayaw was noncommittal.
You visited 2 branches of the dungeon, and saw 8 of its levels.
You also visited: Bailey.

You collected 427 gold pieces.

Inventory:

Hand Weapons
 D - the +5 dagger of Disaster (weapon) {drain, rN+}
   (You found it on level 4 of the Dungeon)

   rN:        It protects you from negative energy.
Missiles
 i - 15 boomerangs (quivered)
 o - 11 poisoned darts
Armour
 b - a +0 robe
 f - a +0 chain mail
 s - a +0 scale mail (worn)
 A - a +0 cloak (worn)
Jewellery
 j - a ring of poison resistance (left hand)
 k - a +6 ring of dexterity (right hand)
 v - a ring of magical power
 K - an amulet of magic regeneration (around neck)
 L - a ring of protection from cold
Wands
 l - a wand of roots (14)
 B - a wand of flame (11)
Scrolls
 a - a scroll of poison {unknown}
 h - 4 scrolls of noise {unknown}
 m - a scroll of immolation {unknown}
 q - 3 scrolls of identify {unknown}
 r - a scroll of vulnerability {unknown}
 t - 4 scrolls of teleportation {unknown}
 u - 2 scrolls of amnesia {unknown}
 x - a scroll of enchant weapon {unknown}
 y - a scroll of summoning {unknown}
 I - a scroll of enchant armour {unknown}
 M - a scroll of magic mapping {unknown}
Potions
 c - a potion of curing {unknown}
 e - a potion of brilliance {unknown}
 g - 3 potions of degeneration {unknown}
 n - a potion of resistance {unknown}
 p - 2 potions of heal wounds {unknown}
 w - a potion of berserk rage {unknown}
 z - 2 potions of lignification {unknown}
 C - 2 potions of magic {unknown}
 E - 2 potions of might {unknown}
 F - 2 potions of attraction {unknown}
 G - 2 potions of flight {unknown}
 H - a potion of cancellation {unknown}
 J - a potion of mutation {unknown}


   Skills:
 + Level 6.0 Fighting
 + Level 5.5(6.6) Short Blades
 - Level 5.4(6.6) Long Blades
 + Level 2.6 Throwing
 + Level 5.7 Armour
 + Level 4.7 Dodging
 + Level 1.2 Stealth
 - Level 1.0 Unarmed Combat
 * Level 3.5 Invocations


You had 8 spell levels left.
You didn't know any spells.
Your spell library contained the following spells:

 Spells                   Type           Power      Damage    Failure   Level
 Magic Dart               Conj           0%         1d3       87%         1
 Slow                     Hex            0%         N/A       87%         1
 Call Imp                 Summ           0%         N/A       95%         2
 Confusing Touch          Hex            0%         N/A       99%         3
 Mephitic Cloud           Conj/Pois/Air  0%         N/A       99%         3
 Vampiric Draining        Necr           0%         2d6       99%         3
 Blade Hands              Tmut           0%         N/A       100%        5
 Irradiate                Conj/Tmut      0%         3d11      100%        5
 Dragon Form              Tmut           0%         N/A       100%        7


Dungeon Overview and Level Annotations

Branches:
Dungeon (7/15)             Temple (1/1) D:7          Bailey (1/1)

Altars:
Ashenzari
Gozag
Nemelex Xobeh
Qazlal
Ru
Uskayaw
Lugonu

Annotations:
D:4 2 transporters, turdburglar's ghost, amateur DsGl


Innate Abilities, Weirdness & Mutations

You are completely covered in yellow scales. (AC +4, rCorr)
You sometimes gain a little power by taking damage.
Your touch may inflict irresistible damage on your foes.


Message History

The floor.
Items here: )) [[ ÷÷.
You open the door.
There is an open door here.
An electric eel comes into view.
The electric eel shoots out a bolt of lightning at you!
The bolt of electricity hits you!
An electric eel comes into view.
The electric eel shoots out a bolt of lightning at you!
The bolt of electricity hits you!
The electric eel shoots out a bolt of lightning at you!
The bolt of electricity hits you.
The electric eel shoots out a bolt of lightning at you!
The bolt of electricity misses you. The bolt of electricity hits you!
The electric eel shoots out a bolt of lightning at you!
The bolt of electricity hits you!
The electric eel shoots out a bolt of lightning at you!
The bolt of electricity hits you!
You enter the shallow water.
Moving in this stuff is going to be slow.
The electric eel shoots out a bolt of lightning at you!
The bolt of electricity misses you.
You open the door.
The electric eel shoots out a bolt of lightning at you!
The bolt of electricity misses you. x2
The bolt of electricity hits the electric eel.
The electric eel completely resists.
The electric eel shoots out a bolt of lightning at you!
The bolt of electricity misses you.
The electric eel shoots out a bolt of lightning at you!
The bolt of electricity hits you.
* * * LOW HITPOINT WARNING * * *
The bolt of electricity hits you!
* * * LOW HITPOINT WARNING * * *
There is an open door here.
Okay, then.
Okay, then.
The electric eel shoots out a bolt of lightning at you!
The bolt of electricity hits you!
You die...

##......≈≈≈≈~.#.....# ##
#......≈≈≈≈~.#''##### #.
######.≈≈≈≈~.#......# #?
#≈≈≈≈≈~.#......# +?
#≈≈≈≈≈######.))############
#≈≈≈≈≈#....#.8)8.8.).....#.
#....#.......#.....')
#..###############)
#.@'.............'.
####S~~~~~~~~~~~~##
≈≈≈≈≈≈≈S≈≈≈≈≈≈≈≈≈≈≈≈≈≈
≈≈≈≈≈≈≈≈≈≈≈≈≈≈≈≈≈≈≈≈≈≈
≈≈≈≈≈≈≈≈≈≈≈≈≈≈≈≈≈≈≈≈≈≈
≈≈≈≈≈≈≈≈≈≈≈≈≈≈≈≈≈≈≈≈≈≈
≈≈≈≈≈≈≈≈≈≈≈≈≈≈≈≈≈≈≈≈≈≈
≈S≈≈≈≈≈≈≈≈≈≈≈≈≈≈≈≈≈≈≈≈
≈≈≈≈≈≈≈≈≈≈≈≈≈≈≈


You could see an electric eel.

Vanquished Creatures
  Grinder (D:3)
  Prince Ribbit (D:6)
  A wyvern (D:5)
  A steam dragon (D:7)
  An ice beast (D:7)
  5 orc warriors
  2 ogres
  A phantom (D:5)
  2 bullfrogs (D:6)
  2 scorpions
  4 wights (D:7)
  5 killer bees (D:5)
  2 hounds
  3 jellies
  Crazy Yiuf (D:3)
  4 orc priests
  Ijyb (D:4)
  Jessica (D:3)
  6 orc wizards
  2 sleepcaps
  Robin (D:2)
  10 gnolls
  8 adders
  2 shadow imps
  2 worms (D:3)
  3 dart slugs
  28 orcs
  4 ball pythons
  5 bats
  5 endoplasms
  9 giant cockroaches
  13 goblins
  8 hobgoblins
  3 jackals (D:4)
  11 kobolds
  4 quokkas
  2 frilled lizards (D:1)
  4 rats
168 creatures vanquished.

Notes
Turn   | Place    | Note
-------+----------+-------------------------------------------
     0 | D:1      | monsoonserge the Demonspawn Monk began the quest for the
                  | Orb.
     0 | D:1      | Reached XP level 1. HP: 18/18 MP: 1/1
   251 | D:1      | Gained mutation: Your touch may inflict minor irresistible
                  | damage on your foes. [demonic ancestry]
   251 | D:1      | Reached XP level 2. HP: 24/24 MP: 2/2
   915 | D:2      | Gained mutation: You are partially covered in yellow
                  | scales. (AC +2) [demonic ancestry]
   915 | D:2      | Reached XP level 3. HP: 28/29 MP: 3/3
  1048 | D:2      | Noticed Robin
  1054 | D:2      | Killed Robin
  1223 | D:2      | Reached skill level 1 in Unarmed Combat
  1225 | D:2      | Gained mutation: Your touch may inflict irresistible damage
                  | on your foes. [demonic ancestry]
  1225 | D:2      | Reached XP level 4. HP: 35/35 MP: 4/4
  1533 | D:2      | Found a faded altar of an unknown god.
  1607 | D:3      | Noticed Grinder
  1866 | D:3      | Gained mutation: You are mostly covered in yellow scales.
                  | (AC +3) [demonic ancestry]
  1866 | D:3      | Reached XP level 5. HP: 37/42 MP: 5/5
  1969 | D:3      | Paralysed by Grinder for 2 turns
  1974 | D:3      | Killed Grinder
  1975 | D:3      | Reached skill level 4 in Fighting
  1975 | D:3      | Reached skill level 5 in Long Blades
  1975 | D:3      | Reached skill level 1 in Armour
  1975 | D:3      | Gained mutation: You are completely covered in yellow
                  | scales. (AC +4, rCorr) [demonic ancestry]
  1975 | D:3      | Reached XP level 6. HP: 5/48 MP: 6/6
  2254 | D:3      | Found a runed translucent door.
  2255 | D:3      | Noticed Crazy Yiuf
  2331 | D:3      | Noticed Jessica
  2334 | D:3      | Killed Jessica
  2836 | D:3      | Killed Crazy Yiuf
  3033 | D:4      | Noticed Ijyb
  3047 | D:4      | Killed Ijyb
  3067 | D:4      | Identified the +5 dagger of Disaster {drain, rN+}
  3258 | D:4      | Reached XP level 7. HP: 47/55 MP: 7/7
  3356 | D:4      | Identified the +4 spear of Mess {venom, *Noise rPois rC+
                  | Int+3}
  3406 | D:4      | Found a transporter.
  3419 | D:4      | Found a transporter.
  3419 | D:4      | Noticed turdburglar's ghost (amateur DsGl)
  3535 | D:5      | Entered Level 5 of the Dungeon
  3568 | D:5      | Reached skill level 1 in Short Blades
  3621 | D:5      | Noticed a wyvern
  3632 | D:5      | Killed a wyvern
  3633 | D:5      | Reached skill level 1 in Throwing
  3642 | D:5      | Reached skill level 5 in Fighting
  3659 | D:5      | Gained mutation: You sometimes gain a little power by
                  | taking damage. [demonic ancestry]
  3659 | D:5      | Reached XP level 8. HP: 40/62 MP: 8/8
  4379 | D:6      | Found a stormy altar of Qazlal.
  4674 | D:6      | Noticed Prince Ribbit
  4682 | D:6      | Killed Prince Ribbit
  4683 | D:6      | Reached skill level 5 in Armour
  4746 | D:6      | Reached XP level 9. HP: 69/69 MP: 9/9
  5342 | D:7      | Found a staircase to the Ecumenical Temple.
  5352 | Temple   | Entered the Ecumenical Temple
  5367 | Temple   | Became a worshipper of Uskayaw the Reveller
  5367 | Temple   | Reached * piety under Uskayaw
  5444 | D:7      | Reached skill level 5 in Short Blades
  5502 | D:7      | Reached ** piety under Uskayaw
  5503 | D:7      | Reached skill level 1 in Invocations
  5571 | D:7      | Reached *** piety under Uskayaw
  5574 | D:7      | Reached **** piety under Uskayaw
  5576 | D:7      | Reached skill level 1 in Stealth
  5577 | D:7      | Reached ***** piety under Uskayaw
  5579 | D:7      | Found an opulent altar of Gozag.
  5580 | D:7      | Found a flagged portal.
  5702 | Bailey   | Entered a bailey
  5741 | Bailey   | Reached skill level 6 in Fighting
  6115 | Bailey   | Acquired a manual of Fighting
  6148 | Bailey   | Killed from afar by an electric eel

Illustrated notes

Levels and vault maps discovered:
D:1:      doesnt_arrival_eight_statues, layout_loops_ring
D:2:      layout_loops_corners, hellmonk_ecumenical_altar_inner_sanctum,
          uniq_robin
D:3:      layout_basic, elyvilon_altar_5, uniq_crazy_yiuf_cottage, uniq_jessica,
          uniq_grinder
D:4:      layout_basic, gammafunk_ghost_gnarly_gnolls, uniq_ijyb
D:5:      layout_rooms, corexii_leaking_fountain
D:6:      layout_loops_corners, lemuel_coloured_pillars_altar,
          uniq_prince_ribbit1
D:7:      layout_gridville, lemuel_round_altar, lemuel_doored_altar,
          temple_fountains, enter_bailey_2,
          nicolae_concentric_dashed_squares_mild
Temple:   corrupted_temple
Bailey:   bailey_axe_of_yendor_kennysheep, bailey

Skill      XL: |  1  2  3  4  5  6  7  8  9 |
---------------+----------------------------+-----
Long Blades    | 3 4 5 |  5.4
Dodging        | 3 4 |  4.7
Unarmed Combat | 1 |  1.0
Fighting       | 4 5 6 |  6.0
Armour         | 1 3 5 |  5.7
Short Blades   | 1 4 5 |  5.5
Throwing       | 1 2 |  2.6
Invocations    | 3 |  3.5
Stealth        | 1 |  1.2

Action                     |  1- 3 |  4- 6 |  7- 9 || total
---------------------------+-------+-------+-------++-------
  Melee: Falchion          |    77 |   121 |       ||   198
         Dagger            |       |     8 |   285 ||   293
         Touch             |       |       |    11 ||    11
  Throw: Boomerang         |       |     4 |     4 ||     8
         Dart              |       |       |    13 ||    13
 Invoke: Stomp             |       |       |     3 ||     3
    Use: Potion            |       |     1 |       ||     1
         Scroll            |       |       |     1 ||     1
   Stab: Paralysed         |       |       |     3 ||     3
 Armour: Robe              |    16 |     8 |       ||    24
         Scale mail        |       |    38 |    84 ||   122
  Dodge: Dodged            |    44 |    60 |   126 ||   230
